AoeStats
← LostBard

Arena

505930614Analyzed
1v1 RM · 21d ago on Sep 11, 2026· 40m 26s· 2 players
Game mode
Random Map
Map size
Tiny (2 player)
Population
200
Speed
Normal
Resources
Standard
Victory
Conquest
Starting age
Dark Age
Ending age
Imperial Age
RankedLock teamsTeams togetherTeam positionsShared explorationLock speedFull tech treeHidden civsTurbo modeCheats
Victory
Defeat
🇬🇪 Franks · Georgia
862
+16
🇺🇸 Turks · United States
853
-16
LostBard
8:09 Loom
12:05 Feudal Age
12:53 Loom
13:46 Wheelbarrow
12:59 Double-Bit Axe
16:30 Loom
19:31 Castle Age
17:22 Horse Collar
19:13 Scale Barding Armor
19:18 Forging
19:21 Town Watch
22:05 Bloodlines
22:29 Husbandry
25:13 Hand Cart
28:51 Town Patrol
29:47 Iron Casting
30:07 Fervor
30:39 Heavy Plow
30:32 Gold Mining
30:32 Stone Mining
31:01 Bow Saw
35:31 Imperial Age
34:03 Gold Shaft Mining
34:20 Squires
35:52 Sanctity
35:38 Elite Janissary
36:44 Conscription
37:25 Ballistics
37:18 Fortified Wall
37:04 Murder Holes
37:25 Masonry
38:38 Heavy Camel Rider
Pawua Zoro
10:53 Feudal Age
15:12 Castle Age
13:21 Double-Bit Axe
16:08 Double-Bit Axe
20:47 Scale Barding Armor
21:11 Bow Saw
23:48 Wheelbarrow
23:27 Gold Mining
23:27 Stone Mining
24:50 Gold Shaft Mining
24:31 Forging
25:10 Loom
25:44 Hand Cart
25:16 Town Watch
25:57 Husbandry
27:26 Fervor
31:11 Imperial Age
28:42 Town Patrol
30:30 Chain Barding Armor
30:48 Iron Casting
30:14 Padded Archer Armor
30:36 Ballistics
30:34 Fletching
31:05 #83
31:31 Cavalier
32:50 Plate Barding Armor
33:28 Blast Furnace
32:20 Elite Throwing Axeman
34:43 Chemistry
34:20 Paladin
35:05 Chivalry
35:54 Leather Archer Armor
35:36 Bodkin Arrow
35:37 Guard Tower
35:44 Murder Holes
37:09 Siege Engineers
Connection lost

Rejoining the realm…

Still unreachable

The connection could not be restored.

Session expired

The server has moved on; the page needs a fresh start.